AoeStats
← salchipapas

Hideout

508602210Analyzed
1v1 RM · 7d ago on Sep 23, 2026· 49m 31s· 2 players
Game mode
Random Map
Map size
Tiny (2 player)
Population
200
Speed
Normal
Resources
Standard
Victory
Conquest
Starting age
Dark Age
Ending age
Imperial Age
RankedLock teamsTeams togetherTeam positionsShared explorationLock speedFull tech treeHidden civsTurbo modeCheats
Victory
Defeat
🇨🇱 Turks · Chile
1135
+14
🇦🇷 Romans · Argentina
1082
-14
Terere
10:05 Feudal Age
10:09 Man-at-Arms
11:49 Horse Collar
12:08 Loom
12:46 Double-Bit Axe
14:28 Scale Mail Armor
21:11 Castle Age
20:34 Wheelbarrow
20:27 Stone Mining
22:52 Husbandry
23:32 Heavy Plow
23:48 Bow Saw
24:00 Gold Mining
26:02 Scale Barding Armor
27:06 Hand Cart
27:57 Chain Mail Armor
29:44 Fletching
30:18 Town Watch
32:22 Fervor
33:07 Elite Skirmisher
36:31 Imperial Age
34:06 Padded Archer Armor
35:27 Forging
35:38 Chain Barding Armor
36:34 Onager
39:17 Capped Ram
39:25 Cavalier
40:16 Bloodlines
40:44 Plate Barding Armor
40:20 Forging
40:04 Light Cavalry
42:25 Crop Rotation
44:40 Iron Casting
44:32 Pikeman
48:19 Squires
47:40 Halberdier
47:40 Long Swordsman
48:58 Siege Ram
salchipapas
6:18 Loom
10:44 Feudal Age
16:48 Fletching
21:19 Castle Age
19:14 Double-Bit Axe
19:55 Padded Archer Armor
19:44 Horse Collar
20:30 Stone Mining
22:00 Bodkin Arrow
23:17 Thumb Ring
23:07 Crossbowman
30:03 Leather Archer Armor
34:51 Wheelbarrow
34:39 Gold Mining
37:28 Imperial Age
36:31 Hand Cart
38:04 Gold Shaft Mining
37:32 Heavy Plow
40:06 Ring Archer Armor
40:46 Artillery
41:23 Bracer
42:00 Murder Holes
43:05 Elite Janissary
44:43 Bloodlines
44:34 Husbandry
47:42 Ballistics
49:30 Scale Barding Armor
Connection lost

Rejoining the realm…

Still unreachable

The connection could not be restored.

Session expired

The server has moved on; the page needs a fresh start.